 Dungeon Crawl Stone Soup version 0.31-a0-145-g046c7d2549 (webtiles) character file.

Game seed: 3084406089309482983

130 Dordric the Skirmisher (level 5, 0/30 HPs)
             Began as a Kobold Hunter on June 5, 2023.
             Slain by a gnoll
             ... wielding a +0 club
             ... led by a gnoll bouda
              (1 damage)
             ... on level 4 of the Dungeon.
             The game lasted 00:03:14 (2400 turns).

Dordric the Skirmisher (Kobold Hunter)              Turns: 2400, Time: 00:03:15

Health: 0/30       AC:  5    Str:  9    XL:     5   Next: 36%
Magic:  5/5        EV: 15    Int: 10    God:
Gold:   202        SH:  0    Dex: 20    Spells: 4/4 levels left

rFire   . . .        a - +0 shortbow
rCold   . . .        (shield currently unavailable)
rNeg    . . .        c - +0 leather armour
rPois   .            (no helmet)
rElec   .            f - +1 cloak
rCorr   .            (no gloves)
SInv    .            (no boots)
Will    .....        (no amulet)
Stlth   +++          (no ring)
HPRegen 0.25/turn    (no ring)
MPRegen 0.09/turn

%: no passive effects
@: no status effects
A: small, no large weapons, nightstalker 3
a: no special abilities


You were on level 4 of the Dungeon.
You visited 1 branch of the dungeon, and saw 4 of its levels.

You collected 202 gold pieces.

Inventory:

Hand Weapons
 a - a +0 shortbow (weapon)
Armour
 c - a +0 leather armour (worn)
 f - a +1 cloak (worn)
 p - a scarf of shadows
 s - a +0 ring mail
Jewellery
 q - a +5 ring of evasion
 u - a +4 ring of protection
 v - a ring of fire
Scrolls
 b - a scroll of butterflies
 d - 2 scrolls of fog
 g - a scroll of identify
 i - a scroll of vulnerability
 k - a scroll of magic mapping
 l - a scroll of brand weapon {unknown}
 m - a scroll of amnesia {unknown}
 o - 2 scrolls of teleportation {unknown}
 w - a scroll of noise {unknown}
 x - a scroll of fear {unknown}
Potions
 e - 3 potions of brilliance {unknown}
 h - a potion of heal wounds {unknown}
 j - a potion of curing {unknown}
 n - 2 potions of attraction {unknown}
 r - 2 potions of enlightenment {unknown}
 t - a potion of ambrosia {unknown}


   Skills:
 - Level 2.1 Fighting
 + Level 8.0 Ranged Weapons
 + Level 3.0 Dodging
 - Level 1.3 Stealth


You had 4 spell levels left.
You didn't know any spells.
Your spell library contained the following spells:

 Spells                   Type           Power      Damage    Failure   Level
 Leda's Liquefaction      Hex/Erth       0%         N/A       99%         4
 Lee's Rapid Deconstruct  Erth           0%         3d4*      100%        5
 Leda's Unmaking          Conj/Erth      0%         9d1       100%        6
 Statue Form              Tmut/Erth      0%         N/A       100%        6


Dungeon Overview and Level Annotations

Branches:
Dungeon (4/15)
 Temple: D:4-7

Altars:


Innate Abilities, Weirdness & Mutations

You are small and have problems with some larger weapons.
You are completely attuned to the shadows.


Message History

The gnoll bouda is moderately wounded.
The gnoll bouda barks out a call to the hunt!
The gnoll picks up the pace!
You shoot an arrow. The arrow hits the gnoll bouda.
The gnoll bouda is heavily wounded.
The gnoll bouda hits you with a +0 club!
You shoot an arrow.
The arrow closely misses the gnoll bouda.
The gnoll hits you from afar with a +0 halberd!
The gnoll bouda hits you with a +0 club!
* * * LOW HITPOINT WARNING * * *
You are too injured to fight recklessly!
You are too injured to fight recklessly!
You are too injured to fight recklessly!
You are too injured to fight recklessly!
You are too injured to fight recklessly!
You are too injured to fight recklessly!
You are too injured to fight recklessly!
You are too injured to fight recklessly!
You are too injured to fight recklessly!
You are too injured to fight recklessly!
You are too injured to fight recklessly!
You are too injured to fight recklessly!
You are too injured to fight recklessly!
You are too injured to fight recklessly!
You are too injured to fight recklessly!
You are too injured to fight recklessly!
You are too injured to fight recklessly!
You are too injured to fight recklessly!
The gnoll hits you but does no damage.
A gnoll comes into view. It is wielding a +0 club.
You see here a +0 halberd.
The gnoll bouda gazes fiercely through you!
You feel your attacks grow feeble.
You see here a +0 dagger.
Your attacks no longer feel as feeble.
The gnoll hits you with a +0 club.
* * * LOW HITPOINT WARNING * * *
The gnoll attacks as you move away! The gnoll hits you with a +0 club.
You die...

..#..... ........ ######
.......### ##....##
......##.## ######..#...#
..........## ##<..##..##.##
.#.#.......###....###.##..#
.####.......##.....#......#
................@.###.##.##
..#..............g###..#.#
..###...#.....##.ggg)....#
......#.###......).....#.....
..... ##...........#.....
..... ....#........... .....
....#........... ..... .....


You could see a gnoll bouda and 3 gnolls.

Vanquished Creatures
  Robin (D:2)
  A gnoll (D:4)
  3 adders
  A worm (D:3)
  7 orcs
  7 endoplasms
  2 giant cockroaches
  9 goblins
  10 hobgoblins
  8 kobolds
  2 quokkas
  2 ball pythons
  7 bats
  5 frilled lizards (D:1)
  3 rats
68 creatures vanquished.

Notes
Turn   | Place    | Note
-------+----------+-------------------------------------------
     0 | D:1      | Dordric the Kobold Hunter began the quest for the Orb.
     0 | D:1      | Reached XP level 1. HP: 12/12 MP: 1/1
    94 | D:1      | Reached XP level 2. HP: 17/17 MP: 2/2
   146 | D:1      | Reached skill level 6 in Ranged Weapons
   414 | D:1      | Reached XP level 3. HP: 21/21 MP: 3/3
  1327 | D:2      | Reached skill level 7 in Ranged Weapons
  1375 | D:2      | Noticed Robin
  1380 | D:2      | Reached XP level 4. HP: 26/26 MP: 4/4
  1382 | D:2      | Killed Robin
  1550 | D:3      | Found a faded altar of an unknown god.
  2031 | D:3      | Reached XP level 5. HP: 30/30 MP: 5/5
  2362 | D:4      | Reached skill level 8 in Ranged Weapons
  2399 | D:4      | HP: 1/30 [gnoll/+0 club[a gnoll bouda] (5)]
  2400 | D:4      | Slain by a gnoll

Illustrated notes

Levels and vault maps discovered:
D:1:      onia_arrival_mini_maze_b, layout_basic, serial_forest,
          infiniplex_forest_pool, infiniplex_forest_clump_double,
          infiniplex_forest_clump_C, infiniplex_forest_clump_tiny,
          infiniplex_forest_clump_long, infiniplex_forest_end_2,
          infiniplex_forest_lined_ring, serial_bayou_crossing
D:2:      layout_loops_ring, uniq_robin
D:3:      layout_basic, nicolae_ecumenical_pavilion
D:4:      layout_cave_pools, uniq_duvessa, uniq_natasha

Skill      XL: |  1  2  3  4  5 |
---------------+----------------+-----
Ranged Weapons | 6 7 8 |  8.0
Dodging        | 3 |  3.0
Fighting       | |  2.1
Stealth        | |  1.3

Action                     |  1- 3 |  4- 6 || total
---------------------------+-------+-------++-------
   Fire: Shortbow          |    88 |    78 ||   166
    Use: Scroll            |       |     3 ||     3
 Armour: Leather armour    |     8 |     6 ||    14
  Dodge: Dodged            |    20 |    23 ||    43

Table legend: (Time is in decaauts)
 A = Elapsed time spent in this place.
 B = Non-inter-level travel time spent in this place.
 C = Inter-level travel time spent in this place.
 D = Time resting spent in this place.
 E = Time spent auto-exploring this place.
 F = Levels seen in this place.
 G = Mean time per level.
                   A        B        C        D        E       F      G
               +--------+--------+--------+--------+--------+-----+--------+
         Total |   2428 |   2331 |     97 |      0 |   1975 |   4 |  607.0 |
       Dungeon |   2428 |   2331 |     97 |      0 |   1975 |   4 |  607.0 |
               +--------+--------+--------+--------+--------+-----+--------+

Top non-repeatable levels by time:
     D:1: 911 daAuts
     D:3: 724 daAuts
     D:2: 664 daAuts
     D:4: 128 daAuts
